 Dungeon Crawl Stone Soup version 0.25.1-4-g9407a263a5 (webtiles) character file.

Game seed: 1556330691896344124

42 AuftragZ the Stinger (level 3, -2/24 HPs)
             Began as a Demonspawn Venom Mage on Nov 26, 2020.
             Slain by a phantom (3 damage)
             ... on level 2 of the Dungeon.
             The game lasted 00:08:01 (1715 turns).

AuftragZ the Stinger (Demonspawn Venom Mage)        Turns: 1715, Time: 00:08:01

Health: -2/24      AC:  4    Str:  8    XL:     3   Next: 35%
Magic:  7/7        EV: 12    Int: 17    God:
Gold:   99         SH:  0    Dex: 13    Spells: 1/7 levels left

rFire    . . .     SeeInvis .   f - +0 club
rCold    . . .     Gourm    .   (no shield)
rNeg     . . .     Faith    .   a - +0 robe
rPois    .         Spirit   .   (no helmet)
rElec    .         Reflect  .   (no cloak)
rCorr    .         Harm     .   (no gloves)
MR       .....                  (no boots)
Stlth    ++........             (no amulet)
HPRegen  0.08/turn              (no ring)
MPRegen  0.10/turn              (no ring)

@: no status effects
A: talons 1, icy blue scales 1
a: no special abilities


You were on level 2 of the Dungeon.
You were not hungry.

You visited 1 branch of the dungeon, and saw 2 of its levels.

You collected 99 gold pieces.

Inventory:

Hand Weapons
 f - a +0 club (weapon)
Armour
 a - a +0 robe (worn)
Jewellery
 h - an uncursed ring of protection from magic {unknown}
Scrolls
 d - a scroll of remove curse {unknown}
 e - a scroll of enchant armour {unknown}
 g - a scroll of teleportation {unknown}
Potions
 i - a potion of lignification {unknown}
Comestibles
 b - a chunk of flesh
 c - 5 rations


   Skills:
 + Level 2.1 Dodging
 + Level 1.7 Stealth
 + Level 2.6 Spellcasting
 + Level 0.8 Transmutations
 + Level 0.6 Air Magic
 + Level 3.5 Poison Magic


You had one spell level left.
You knew the following spells:

 Your Spells              Type           Power        Failure   Level  Hunger
a - Sting                 Tmut/Pois      #...         8%          1    #......
b - Poisonous Vapours     Pois/Air       #.....       12%         2    ##.....
c - Ignite Poison         Fire/Tmut/Pois #.......     30%         3    ###....

Your spell library contained the following spells:

 Spells                   Type           Power        Failure   Level  Hunger
 Mephitic Cloud           Conj/Pois/Air  #.......     30%         3    ###....
 Olgreb's Toxic Radiance  Pois           ##......     38%         4    #####..


Dungeon Overview and Level Annotations

Branches:
Dungeon (2/15)

Altars:
Gozag
Zin


Innate Abilities, Weirdness & Mutations

You have sharp toenails.
You are partially covered in icy blue scales. (AC +2)


Message History

The phantom is lightly damaged.
The phantom barely misses you.
You hit the phantom. You claw the phantom, but do no damage.
The phantom is moderately damaged.
The phantom closely misses you.
The phantom blinks!
The adder hisses angrily.
The phantom blinks!
The adder bites you but does no damage.
You closely miss the adder. The adder misses you.
You hit the adder but do no damage. Your kick misses the adder.
The adder closely misses you. x2
You closely miss the adder. The adder misses you.
The adder completely misses you. The phantom hits you!
* * * LOW HITPOINT WARNING * * *
You closely miss the adder. The adder barely misses you. The phantom hits you.
* * * LOW HITPOINT WARNING * * *
You completely miss the adder. The adder bites you.
* * * LOW HITPOINT WARNING * * *
The phantom hits you.
You die...

#.........#
#.###÷##### #.#
#.# #.# #.# #.#
#.# .##########
.#.# #.#
.........>##.#.#
#.#
.............#.#
#.# ..W......S@#
#.# #.#
.......†.W.# #.#
#.# .###.#..#
#.# #÷# #.#..#
#.# #.# #.#..#
#<# #.# #.#..#
### #.# #(#..#
#.# #.#..# #.#
#....# #.#


You could see a phantom and an adder.

Vanquished Creatures
  2 dart slugs
  10 bats
  3 giant cockroaches (D:1)
  6 goblins
  3 hobgoblins (D:1)
  4 jackals (D:1)
  3 kobolds (D:1)
  2 rats
33 creatures vanquished.

Notes
Turn   | Place    | Note
-------+----------+-------------------------------------------
     0 | D:1      | AuftragZ the Demonspawn Venom Mage began the quest for the
                  | Orb.
     0 | D:1      | Reached XP level 1. HP: 13/13 MP: 3/3
   303 | D:1      | Gained mutation: You are partially covered in icy blue
                  | scales. (AC +2) [demonic ancestry]
   303 | D:1      | Reached XP level 2. HP: 19/19 MP: 1/5
   343 | D:1      | Learned a level 2 spell: Poisonous Vapours
   879 | D:1      | Gained mutation: You have sharp toenails. [demonic
                  | ancestry]
   879 | D:1      | Reached XP level 3. HP: 24/24 MP: 3/6
   884 | D:1      | Learned a level 3 spell: Ignite Poison
  1476 | D:2      | Found a glowing silver altar of Zin.
  1476 | D:2      | Found an opulent altar of Gozag.
  1658 | D:2      | Noticed a phantom
  1715 | D:2      | HP: 1/24 [adder (1)]
  1715 | D:2      | Slain by a phantom

Illustrated notes

Levels and vault maps discovered:
D:1:      shiori_shiawase, layout_loops_ring
D:2:      layout_basic, grunt_temple_overflow_gold_and_silver,
          lemuel_round_altar

Skill      XL: |  1 |
---------------+----+-----
Dodging        | 2 |  2.1
Stealth        | |  1.7
Spellcasting   | |  2.6
Transmutations | |  0.8
Air Magic      | |  0.6
Poison Magic   | |  3.5

Action                   || total
-------------------------++-------
Melee: Unarmed           ||     3
       Club              ||    15
       Kick              ||     5
 Cast: Sting             ||    15
       Poisonous Vapours ||    25
  Eat: Chunk             ||     4
Armor: Robe              ||     8
Dodge: Dodged            ||    20
